 Dungeon Crawl Stone Soup version 0.27-a0-869-g165b36e3f0 (webtiles) character file.

Game seed: 7223371641155868118

279671 rjrrt the Executioner (level 19, -8/179 HPs)
             Began as a Minotaur Berserker on Apr 2, 2021.
             Was the Champion of Trog.
             Mangled by Mennas
             ... wielding a +3 eudemon blade of holy wrath
              (12 damage)
             ... on level 2 of the Vaults on Apr 3, 2021.
             The game lasted 01:36:25 (47458 turns).

rjrrt the Executioner (Minotaur Berserker)         Turns: 47458, Time: 01:36:26

Health: -8/179     AC: 36    Str: 23    XL:     19   Next: 66%
Magic:  0/18       EV: 18    Int: 10    God:    Trog [******]
Gold:   3217       SH:  0    Dex: 22    Spells: 18/18 levels left

rFire    + . .     SeeInvis +   a - +9 executioner's axe (elec)
rCold    + . .     Faith    .   (shield currently unavailable)
rNeg     + . .     Spirit   +   c - +8 plate armour "Zecizo" {rN+ Dex+6}
rPois    +         Reflect  .   A - +0 hat of Zudepeomp {*Drain Int+3 Dex+5}
rElec    +         Harm     .   F - +2 cloak {Stlth+}
rCorr    +         Rampage  .   G - +1 pair of gloves "Ijuemun" {rF+ Will+}
Will     +++++                  J - +2 pair of boots of Indemnity {rC+}
Stlth    ..........             P - amulet "Xeezakk" {Spirit rElec}
HPRegen  0.39/turn              o - ring of resist corrosion
MPRegen  0.16/turn              I - ring "Xeeth" {rPois Will+++ Str-4 Int+3 SInv}

@: berserk cooldown, slowed, glowing, very slow
A: horns 2, retaliatory headbutt, weak 1, subdued magic 1
}: 2/15 runes: serpentine, barnacled
a: Renounce Religion, Berserk, Trog's Hand, Brothers in Arms


You were on level 2 of the Vaults.
You worshipped Trog.
Trog was exalted by your worship.
You visited 6 branches of the dungeon, and saw 33 of its levels.
You visited the Abyss 1 time.
You also visited: Trove, Bailey, Ice Cave and Volcano.

You collected 6074 gold pieces.
You spent 2857 gold pieces at shops.

Inventory:

Hand Weapons
 a - a +9 executioner's axe of electrocution (weapon)
 b - a +6 demon trident of freezing
 f - a +4 battleaxe of flaming
 g - a +3 executioner's axe of freezing
 m - a +2 antimagic battleaxe
Missiles
 K - 3 throwing nets
Armour
 c - the +8 plate armour "Zecizo" (worn) {rN+ Dex+6}
   (You found it on level 2 of the Lair of Beasts)

   It affects your dexterity (+6).
   It protects you from negative energy.
 A - the +0 hat of Zudepeomp (worn) {*Drain Int+3 Dex+5}
   (You found it on level 1 of the Shoals)

   It affects your intelligence (+3).
   It affects your dexterity (+5).
   It drains your maximum health when unequipped.
 F - a +2 cloak of stealth (worn)
 G - the +1 pair of gloves "Ijuemun" (worn) {rF+ Will+}
   (You found it in a treasure trove)

   It protects you from fire.
   It increases your willpower.
 J - the +2 pair of boots of Indemnity (worn) {rC+}
   (You acquired it on level 4 of the Snake Pit)

   It protects you from cold.
Jewellery
 o - a ring of resist corrosion (left hand)
 I - the ring "Xeeth" (right hand) {rPois Will+++ Str-4 Int+3 SInv}
   (You found it in a treasure trove)

   [ring of see invisible]

   It affects your strength (-4).
   It affects your intelligence (+3).
   It protects you from poison.
   It lets you see invisible.
   It greatly increases your willpower.
 P - the amulet "Xeezakk" (around neck) {Spirit rElec}
   (You acquired it on level 4 of the Snake Pit)

   [amulet of guardian spirit]

   It causes incoming damage to be divided between your reserves of health and
   magic.
   It insulates you from electricity.
 R - an amulet of reflection
 T - an amulet of regeneration
Wands
 s - a wand of polymorph (11)
 y - a wand of charming (43)
 D - a wand of iceblast (13)
 E - a wand of flame (23)
 M - a wand of mindburst (11)
 O - a wand of paralysis (35)
 S - a wand of acid (24)
Scrolls
 h - 3 scrolls of magic mapping
 l - 13 scrolls of identify
 n - 2 scrolls of enchant armour
 p - 15 scrolls of teleportation
 q - 3 scrolls of summoning
 v - 7 scrolls of fog
 z - a scroll of blinking
 B - 5 scrolls of fear
Potions
 d - 3 potions of haste
 e - 6 potions of might
 k - 3 potions of cancellation
 r - 4 potions of lignification
 t - 6 potions of curing
 w - 4 potions of flight
 x - 2 potions of attraction
 C - 3 potions of mutation
 L - 2 potions of resistance
 N - a potion of ambrosia
 Q - 6 potions of heal wounds
Miscellaneous
 j - a tin of tremorstones (2/2)
 u - a box of beasts
 H - a condenser vane


   Skills:
 + Level 18.0 Fighting
 * Level 24.1 Axes
 + Level 17.7 Armour
 + Level 16.6 Dodging
 - Level 10.0 Evocations


You had 18 spell levels left.
You didn't know any spells.
Your spell library was empty.

Dungeon Overview and Level Annotations

Branches:
Dungeon (15/15)            Temple (0/1) D:7            Lair (6/6) D:10
 Shoals (4/4) Lair:4        Snake (4/4) Lair:3        Slime (0/5) Lair:5
    Orc (2/2) D:9             Elf (0/3) Orc:2        Vaults (2/5) D:13
 Depths (0/5) D:15         Bailey (visited)           IceCv (visited)
Volcano (visited)
  Crypt: Vaults:2-3

Altars:
Ashenzari
Cheibriados
Elyvilon
Gozag
Makhleb
Okawaru
Qazlal
Sif Muna
Xom
The Shining One

Shops:
D:1 *   D:2 [   D:4 ?   D:7 :   D:14 (   Orc:2 [![(   Snake:3 [   Snake:4 [([?

Portals:
Hell: Lair:6
Abyss: Lair:3

Annotations:
D:13 2 transporters, robertstho's ghost, journeyman DjFE
Lair:3 2 transporters, durn's ghost, journeyman HuCj
Vaults:2 Mennas


Innate Abilities, Weirdness & Mutations

You have a pair of horns on your head.
You reflexively headbutt those who attack you in melee.
You are weak. (Str -2)
Your spells are a little easier to cast, but a little less powerful.


Message History

Unknown command.
You hit Mennas but do no damage.
Mennas is moderately wounded.
Mennas hits you but does no damage.
Mennas hits you with a +3 eudemon blade of holy wrath.
* * * LOW HITPOINT WARNING * * *
Mennas hits you but does no damage. x2
Unknown command.
You slice Mennas!! Your headbutt misses Mennas.
Mennas is heavily wounded.
Mennas hits you but does no damage. x2
Mennas blocks your attack.
Mennas is heavily wounded.
Mennas hits you with a +3 eudemon blade of holy wrath!!
* * * LOW HITPOINT WARNING * * *
Mennas hits you but does no damage. x2
Mennas hits you with a +3 eudemon blade of holy wrath.
* * * LOW HITPOINT WARNING * * *
Unknown command.
Mennas blocks your attack.
Your headbutt misses Mennas.
Mennas is heavily wounded.
Mennas hits you but does no damage. x2
Mennas gestures frantically.
You resist with almost no effort. Mennas blocks your attack. x2
Mennas is heavily wounded.
Mennas closely misses you. Mennas hits you but does no damage. x3
Unknown command.
Mennas blocks your attack.
Mennas is heavily wounded.
Mennas hits you but does no damage. x4
Unknown command.
You hit Mennas. Your headbutt misses Mennas.
Mennas is heavily wounded.
Mennas hits you but does no damage. x2
Unknown command.
You completely miss Mennas. Your headbutt misses Mennas.
Mennas is heavily wounded.
Mennas hits you with a +3 eudemon blade of holy wrath!
You die...

#...†........ +#
#..#'##..#### ..
#..#†.#..# #.
#..#..#..+ .# .
#..####..##
....#+###..........
## #....'..........
#..#.##.###########
#..A@##.# ####.[..#
###### #.JJ...
#....J...
#........#
#........#
#........#
#........#


You could see Mennas and 2 slime creatures.

Vanquished Creatures
  Jory (Vaults:2)
  Asterion (Vaults:1)
  A kraken (Shoals:3)
  Agnes (Snake:1)
  2 sphinxes
  Frances (Snake:1)
  Kirke (Snake:3)
  7 nagarajas (Snake:4)
  An orc warlord (Vaults:1)
  Aizul (Snake:3)
  The ghost of Gourul the Frost Mage, a journeyman BaIE of Nemelex Xobeh (Snake:4)
  6 ironbound preservers (Vaults:1)
  7 very ugly things
  4 dire elephants
  An entropy weaver (Vaults:1)
  Azrael (Orc:2)
  Snorg (Orc:1)
  A salamander tyrant (Snake:4)
  2 merfolk javelineers
  An ettin (Orc:2)
  2 crystal guardians (Vaults:1)
  5 merfolk impalers
  2 yaktaur captains (Vaults:1)
  4 vault guards (Vaults:1)
  An ironbound frostheart (Vaults:1)
  4 boulder beetles
  4 centaur warriors
  15 naga warriors
  A peacekeeper (Vaults:1)
  A rakshasa (D:15)
  8 hydras
  17 anacondas
  An alligator snapping turtle (Shoals:2)
  2 satyrs (Shoals:2)
  3 merfolk avatars
  4 merfolk aquamancers
  A death knight (D:13)
  3 catoblepae
  7 two-headed ogres
  A hell hog (Volcano)
  4 death yaks (Lair:5)
  2 ironbound beastmasters (Vaults:1)
  2 orc high priests
  Urug (Lair:1)
  Nergalle (D:12)
  18 naga sharpshooters
  12 shock serpents
  7 salamander mystics
  A fire crab (Volcano)
  2 skeletal warriors (D:15)
  A sixfirhy (Lair:6)
  A glowing orange brain (Abyss:3)
  7 sea snakes
  8 naga ritualists
  25 deep trolls (Vaults:1)
  An ironbound convoker (Vaults:1)
  4 wizards
  5 lindwurms
  A flayed ghost (D:15)
  12 orc knights
  12 ugly things
  2 necromancers
  18 harpies
  4 orc sorcerers
  10 mana vipers
  2 fire giant zombies (D:15)
  A deep elf pyromancer (D:12)
  2 oklob plants (Lair:4)
  16 fauns
  9 elephants
  8 manticores
  3 merfolk sirens
  3 cyclopes
  9 salamanders
  32 black mambas
  A human skeleton (Vaults:1)
  7 guardian serpents (Snake:4)
  Maurice (D:11)
  21 naga magi
  5 ice statues (IceCv)
  3 vault sentinels (Vaults:1)
  3 water nymphs
  2 molten gargoyles (Volcano)
  A torpor snail (Lair:6)
  3 orange demons (Lair:6)
  A yaktaur zombie (Vaults:1)
  2 kobold demonologists (D:11)
  17 cane toads
  A hellwing (Lair:6)
  2 efreet
  4 rime drakes (Lair:6)
  19 komodo dragons
  6 yaktaurs (Vaults:1)
  An anaconda simulacrum (IceCv)
  3 ice devils (Lair:6)
  27 merfolk
  A polar bear (Lair:5)
  7 trolls
  11 wind drakes
  An ice dragon zombie (D:15)
  A dream sheep (Lair:6)
  23 slime creatures
  18 blink frogs
  13 snapping turtles
  A spriggan zombie (D:15)
  A centaur simulacrum (D:15)
  3 wraiths
  8 water elementals
  3 vampires
  A redback (Vaults:1)
  A human (shapeshifter) (D:13)
  A tarantella (Lair:4)
  A shadow (D:12)
  4 wyverns
  4 fire elementals
  8 fire bats (Volcano)
  A steam dragon (D:7)
  2 hogs (Snake:3)
  67 yaks
  3 basilisks
  3 vampire mosquitoes (D:12)
  4 harpy simulacra (IceCv)
  3 wargs
  An ogre zombie (Vaults:1)
  4 hydra simulacra (IceCv)
  10 hell hounds
  48 nagas
  18 water moccasins
  An acid dragon (D:8)
  A human simulacrum (Vaults:1)
  37 orc warriors
  6 ogres
  8 ice beasts
  A hornet zombie (D:6)
  A sky beast (D:5)
  3 black bears
  4 necrophages
  22 centaurs
  4 kobold brigands
  10 bullfrogs
  A scorpion (D:6)
  2 wyvern zombies (D:6)
  2 water moccasin zombies (D:6)
  2 water moccasin skeletons
  9 killer bees
  11 wights
  5 lava snakes (Volcano)
  4 bullfrog zombies
  9 centaur zombies
  3 gnoll shamans
  3 jellies
  14 orc priests
  A bullfrog skeleton (D:6)
  2 hounds (D:5)
  4 centaur skeletons (D:7)
  Ijyb (D:2)
  19 orc wizards
  An iguana (D:5)
  11 hell rats
  A killer bee zombie (D:6)
  2 hound skeletons (D:4)
  2 howler monkey zombies (D:6)
  8 adders
  23 gnolls
  A white imp (D:8)
  An ufetubus (D:5)
  A dart slug (D:1)
  2 worms (D:2)
  88 orcs
  4 ball pythons
  7 endoplasms
  4 giant cockroaches
  11 goblins
  4 hobgoblins
  8 jackals
  2 quokkas
  4 bats
  3 frilled lizards
  17 kobolds
  6 rats
  3 tentacles (Shoals:3)
1183 creatures vanquished.

Vanquished Creatures (collateral kills)
  A frost giant (Shoals:4)
  2 merfolk javelineers (Shoals:4)
  4 merfolk impalers (Shoals:4)
  Fannar (Lair:1)
  An alligator snapping turtle (Shoals:4)
  A merfolk aquamancer (Shoals:4)
  2 snapping turtles (Shoals:4)
  An orc warrior (Bailey)
  An orc (Bailey)
14 creatures vanquished.

Vanquished Creatures (others)
  A merfolk aquamancer (Shoals:2)
  A human (Snake:3)
  A naga (Snake:4)
  3 orcs
  A kobold (D:3)
  2 fire vortices (Lair:3)
  30 fungi
  144 plants
  8 tentacles (Shoals:3)
  4 withered plants
195 creatures vanquished.

Grand Total: 1392 creatures vanquished

Notes
Turn   | Place    | Note
-------+----------+-------------------------------------------
     0 | D:1      | rjrrt the Minotaur Berserker began the quest for the Orb.
     0 | D:1      | Reached XP level 1. HP: 19/19 MP: 0/0
   159 | D:1      | Reached skill level 4 in Axes
   163 | D:1      | Found Duobb's Assorted Antiques.
   178 | D:1      | Reached XP level 2. HP: 26/26 MP: 1/1
   730 | D:2      | Reached skill level 5 in Axes
   897 | D:2      | Reached XP level 3. HP: 30/31 MP: 2/2
  1017 | D:2      | Found Xovyz's Antique Armour Boutique.
  1086 | D:2      | Noticed Ijyb
  1132 | D:2      | Killed Ijyb
  1133 | D:2      | Reached skill level 6 in Axes
  1133 | D:2      | Reached XP level 4. HP: 39/39 MP: 3/3
  1271 | D:2      | Reached ** piety under Trog
  1342 | D:2      | Found a faded altar of an unknown god.
  1722 | D:3      | Reached XP level 5. HP: 45/45 MP: 4/4
  1782 | D:3      | Reached skill level 7 in Axes
  2148 | D:3      | Found a shimmering blue altar of Sif Muna.
  2927 | D:4      | Reached XP level 6. HP: 42/52 MP: 5/5
  3172 | D:4      | Reached skill level 8 in Axes
  3193 | D:4      | Found Xuchap Juwa's Magic Scroll Shop.
  3214 | D:4      | Bought a scroll of identify for 26 gold pieces
  3317 | D:4      | Reached XP level 7. HP: 56/60 MP: 6/6
  3567 | D:5      | Entered Level 5 of the Dungeon
  3577 | D:5      | Reached *** piety under Trog
  3726 | D:5      | Reached skill level 5 in Fighting
  4262 | D:5      | Reached skill level 9 in Axes
  4478 | D:5      | Reached XP level 8. HP: 58/69 MP: 7/7
  4593 | D:5      | Identified a scroll of acquirement
  4593 | D:5      | Acquired a +0 pair of boots of stealth
  4786 | D:6      | Reached skill level 5 in Armour
  4959 | D:6      | Found an iron altar of Okawaru.
  4961 | D:6      | Found a glowing golden altar of the Shining One.
  4963 | D:6      | Found a stormy altar of Qazlal.
  5220 | D:6      | Reached skill level 5 in Dodging
  5222 | D:6      | Reached skill level 10 in Axes
  5620 | D:6      | Reached **** piety under Trog
  5682 | D:6      | Reached XP level 9. HP: 78/78 MP: 8/8
  6060 | D:6      | Reached skill level 11 in Axes
  6353 | D:7      | Found a staircase to the Ecumenical Temple.
  6536 | D:4      | Bought a scroll of enchant weapon for 97 gold pieces
  7295 | D:7      | Found Ydel's Book Emporium.
  7561 | D:8      | Reached skill level 12 in Axes
  7647 | D:8      | Noticed a two-headed ogre
  7652 | D:8      | Killed a two-headed ogre
  7653 | D:8      | Reached XP level 10. HP: 89/89 MP: 9/9
  8080 | D:8      | Reached ***** piety under Trog
  8305 | D:8      | Noticed a two-headed ogre
  8318 | D:8      | Killed a two-headed ogre
  8822 | D:8      | Reached skill level 13 in Axes
  9355 | D:9      | Noticed a two-headed ogre
  9364 | D:9      | Killed a two-headed ogre
  9544 | D:9      | Reached XP level 11. HP: 97/97 MP: 10/10
  9717 | D:9      | Received a gift from Trog
  9814 | D:9      | Found a staircase to the Orcish Mines.
  9855 | D:9      | Found a snail-covered altar of Cheibriados.
 10196 | D:10     | Entered Level 10 of the Dungeon
 10338 | D:10     | Found a staircase to the Lair.
 10354 | D:10     | Found an opulent altar of Gozag.
 10392 | D:10     | Noticed a two-headed ogre
 10404 | D:10     | Killed a two-headed ogre
 10555 | D:10     | Reached skill level 14 in Axes
 10750 | D:10     | Reached skill level 10 in Fighting
 10947 | D:10     | Found a portal to a secret trove of treasure.
 11065 | Lair:1   | Entered Level 1 of the Lair of Beasts
 11340 | Lair:1   | Reached skill level 1 in Evocations
 11602 | Lair:1   | Noticed Fannar
 11614 | Lair:1   | Killed Fannar
 11629 | Lair:1   | Noticed Urug
 11639 | Lair:1   | Killed Urug
 11640 | Lair:1   | Reached skill level 10 in Armour
 12031 | Lair:1   | Noticed a six-headed hydra
 12043 | Lair:1   | Killed a one-headed hydra
 12171 | Lair:1   | You fall into a shaft and drop 1 floor!
 12198 | Lair:2   | Reached skill level 15 in Axes
 12198 | Lair:2   | Reached XP level 12. HP: 98/108 MP: 11/11
 12230 | Lair:2   | Found a dark tunnel.
 12245 | Volcano  | Entered a volcano
 12356 | Volcano  | Received a gift from Trog
 12456 | Volcano  | Found a bloodstained altar of Trog.
 12456 | Volcano  | Noticed a hell hog
 12465 | Volcano  | Killed a hell hog
 12888 | Lair:2   | Noticed an eight-headed hydra
 12897 | Lair:2   | Killed a five-headed hydra
 12898 | Lair:2   | Reached skill level 10 in Dodging
 13502 | Lair:2   | Identified the +8 plate armour "Zecizo" {rN+ Dex+6}
 13802 | Lair:3   | Reached skill level 16 in Axes
 14303 | Lair:3   | Found a staircase to the Snake Pit.
 14491 | Lair:3   | Noticed durn's ghost (journeyman HuCj)
 14516 | Lair:3   | Found a one-way gate to the infinite horrors of the Abyss.
 14537 | Lair:3   | Found a transporter.
 14553 | Lair:3   | Found a transporter.
 14993 | Lair:4   | Reached XP level 13. HP: 107/117 MP: 12/12
 15229 | Lair:4   | Found a staircase to the Shoals.
 15473 | Lair:4   | Reached skill level 5 in Evocations
 15842 | Lair:4   | Noticed Nessos
 16280 | Lair:4   | Noticed Nessos
 16280 | Lair:4   | Nessos changed into Nessos the tarantella
 16283 | Lair:4   | Killed Nessos the tarantella
 16978 | Lair:5   | Identified the +4 ring mail of the Arcane {rC+}
 17061 | Lair:5   | Found a staircase to the Slime Pits.
 17253 | Lair:5   | Reached skill level 17 in Axes
 18287 | Lair:6   | Entered Level 6 of the Lair of Beasts
 18911 | Lair:6   | Reached XP level 14. HP: 99/127 MP: 13/13
 18954 | Lair:5   | Received a gift from Trog
 19345 | Lair:6   | Reached skill level 18 in Axes
 20225 | Lair:6   | Found a burning altar of Makhleb.
 20891 | Lair:6   | Found a gateway to Hell.
 21706 | D:11     | Noticed Maurice
 21713 | D:11     | Killed Maurice
 21909 | D:11     | Found a shimmering altar of Xom.
 21928 | D:11     | Identified the +3 leather armour of Noughts and Crosses
                  | {Harm Will- Int+3}
 22145 | D:11     | Received a gift from Trog
 23007 | D:4      | Bought a scroll of immolation for 45 gold pieces
 23058 | D:1      | Bought a scroll labelled YPLUUJ RAINEIBB for 30 gold pieces
 23059 | D:1      | Bought a potion of heal wounds for 150 gold pieces
 23261 | Orc:1    | Entered Level 1 of the Orcish Mines
 23334 | Orc:1    | Noticed Snorg
 23343 | Orc:1    | Killed Snorg
 23810 | Orc:2    | Entered Level 2 of the Orcish Mines
 23810 | Orc:2    | Found a staircase to the Elven Halls.
 23810 | Orc:2    | Noticed Azrael
 23816 | Orc:2    | Killed Azrael
 24066 | Orc:2    | Reached skill level 19 in Axes
 24073 | Orc:2    | Reached XP level 15. HP: 137/137 MP: 14/14
 24588 | Orc:2    | Reached ****** piety under Trog
 25563 | Orc:2    | Found Woimips's Distillery.
 25563 | Orc:2    | Found Ytep's Armour Shop.
 25565 | Orc:2    | Found Bajok's Weapon Boutique.
 25567 | Orc:2    | Found Icohed's Antique Armour Shoppe.
 25571 | Orc:2    | Bought a potion of heal wounds for 65 gold pieces
 26082 | D:12     | Noticed Nergalle
 26088 | D:12     | Killed Nergalle
 26771 | D:13     | Received a gift from Trog
 27065 | D:13     | Found a gate to the Vaults.
 27084 | D:13     | Found a transporter.
 27087 | D:13     | Noticed robertstho's ghost (journeyman DjFE)
 27114 | D:13     | Found a transporter.
 27771 | D:14     | Found a flagged portal.
 27787 | D:14     | Found Miet's Antique Weapon Boutique.
 27803 | Bailey   | Entered a bailey
 28370 | D:10     | You paid a toll of a +6 demon blade to enter a treasure
                  | trove
 28371 | Trove    | Entered a treasure trove
 28385 | Trove    | Identified the +5 plate armour of the Unbroken {rF- Will+++
                  | MP+9 Int+3}
 28393 | Trove    | Identified the +1 pair of gloves "Ijuemun" {rF+ Will+}
 28400 | Trove    | Identified the ring "Xeeth" {rPois Will+++ Str-4 Int+3
                  | SInv}
 28716 | D:4      | Bought a scroll of brand weapon for 260 gold pieces
 29622 | D:14     | Found a broken altar of Ashenzari.
 29781 | D:15     | Entered Level 15 of the Dungeon
 29898 | D:15     | Found a staircase to the Depths.
 29912 | D:15     | Received a gift from Trog
 30229 | D:15     | Found a white marble altar of Elyvilon.
 30783 | Snake:1  | Entered Level 1 of the Snake Pit
 30872 | Snake:1  | Reached skill level 20 in Axes
 31088 | Snake:1  | Noticed Agnes
 31100 | Snake:1  | Killed Agnes
 31173 | Snake:1  | Reached XP level 16. HP: 122/147 MP: 15/15
 31552 | Snake:1  | Noticed Frances
 31558 | Snake:1  | Killed Frances
 32723 | Snake:2  | Reached skill level 15 in Fighting
 33047 | Snake:3  | Noticed Kirke
 33060 | Snake:3  | Killed Kirke
 33079 | Snake:3  | Noticed Aizul
 33088 | Snake:3  | Killed Aizul
 33231 | Snake:3  | Found Miadibof's Armour Boutique.
 33301 | Snake:3  | Reached skill level 15 in Armour
 33574 | Snake:3  | Reached skill level 21 in Axes
 33726 | Snake:4  | Entered Level 4 of the Snake Pit
 33736 | Snake:4  | Received a gift from Trog
 33826 | Snake:4  | HP: 4/223 [naga warrior/+0 war axe (24)]
 33831 | Snake:4  | HP: 3/149 [poisoned by a naga warrior (splash of poison)]
 34212 | Snake:4  | Found Vaifru Nilo's Antique Armour Boutique.
 34307 | Snake:4  | Found Maxoqyin's Antique Weapon Emporium.
 34507 | Snake:4  | Found a large runed translucent door.
 34507 | Snake:4  | Found a large runed translucent door.
 34510 | Snake:4  | Noticed Gourul's ghost (journeyman BaIE)
 34542 | Snake:4  | Reached XP level 17. HP: 130/156 MP: 16/16
 34839 | Snake:4  | Found Finlega's Magic Scroll Boutique.
 34843 | Snake:4  | Bought 2 scrolls of acquirement for 2184 gold pieces
 34844 | Snake:4  | Acquired the amulet "Xeezakk" {Spirit rElec}
 34858 | Snake:4  | Acquired the +2 pair of boots of Indemnity {rC+}
 34966 | Snake:4  | Found Wyhus's Antique Armour Emporium.
 35015 | Snake:4  | Killed Gourul's ghost
 35607 | Snake:4  | Received a gift from Trog
 36857 | Snake:4  | Reached skill level 22 in Axes
 37396 | Snake:4  | Reached skill level 15 in Dodging
 37398 | Snake:4  | Received a gift from Trog
 37657 | Snake:4  | Got a serpentine rune of Zot
 37938 | Shoals:1 | Entered Level 1 of the Shoals
 37939 | Shoals:1 | Found a frozen archway.
 37955 | IceCv    | Entered an ice cave
 38908 | Shoals:1 | Reached XP level 18. HP: 155/168 MP: 15/17
 39412 | Shoals:1 | Identified the +0 hat of Zudepeomp {*Drain Int+3 Dex+5}
 40131 | Shoals:2 | Received a gift from Trog
 41506 | Shoals:3 | Reached skill level 10 in Evocations
 41518 | Shoals:3 | Cast into level 3 of the Abyss (merfolk impaler)
 41542 | Shoals:3 | Escaped the Abyss
 41988 | Shoals:3 | Identified the +10 battleaxe of Earthquakes {vorpal, +Fly
                  | Will- Str+2 SInv} (Trog gifted it to you on level 3 of the
                  | Shoals)
 41988 | Shoals:3 | Received a gift from Trog
 42746 | Shoals:4 | Entered Level 4 of the Shoals
 43262 | Shoals:4 | Reached skill level 23 in Axes
 44205 | Shoals:4 | Got a barnacled rune of Zot
 44454 | Shoals:2 | Received a gift from Trog
 44682 | Vaults:1 | Entered Level 1 of the Vaults
 44819 | Vaults:1 | Reached XP level 19. HP: 119/177 MP: 15/18
 45169 | Vaults:1 | Noticed Asterion
 45187 | Vaults:1 | Gained mutation: You are weak. (Str -2) [a cacodemon]
 45188 | Vaults:1 | Gained mutation: Your spells are a little easier to cast,
                  | but a little less powerful. [a cacodemon]
 45190 | Vaults:1 | Killed Asterion
 45917 | Vaults:1 | Received a gift from Trog
 46882 | Vaults:1 | Reached skill level 24 in Axes
 47227 | Vaults:2 | Noticed Jory
 47240 | Vaults:2 | Killed Jory
 47262 | Vaults:2 | Received a gift from Trog
 47408 | Vaults:2 | Identified the +4 chain mail of Autotheism {rF+ Dex+3}
 47411 | Vaults:2 | Noticed Mennas
 47453 | Vaults:2 | HP: 3/179 [Mennas/+3 eudemon blade of holy wrath (21)]
 47458 | Vaults:2 | Mangled by Mennas

Illustrated notes

Levels and vault maps discovered:
D:1:      wander_arrival_fairy_ring, layout_rooms, serial_shops,
          nicolae_shop_statue_plus
D:2:      kennysheep_the_goblin_king, layout_basic,
          ebering_ecumenical_altar_ruins, serial_shops, shop
D:3:      layout_loops_ring, lemuel_blue_sif_altar, dk_vineyard_1,
          grunt_ministairs_7, skrybe_limestone_x, lemuel_old_faithful
D:4:      layout_cave_pools, serial_shops, shop, grunt_ministairs_8,
          nrook_loot_triangle
D:5:      layout_gridville, minmay_misc_feat_hallway
D:6:      layout_gridville, grunt_temple_overflow_open, serial_undead,
          serial_undead_b, serial_undead_b, serial_undead_d, serial_undead_d,
          serial_undead_a, serial_undead_d, serial_undead_c, grunt_ministairs_2
D:7:      layout_basic, minmay_temple_entry_butterflies, serial_shops,
          nicolae_shop_temple_entry_statues_fountains, minmay_starry_boxes
D:8:      layout_loops_ring, minivault_27, st_stairs_6
D:9:      layout_small_grid, kennysheep_mini_moat, david_orc_2,
          kennysheep_windowed_goal
D:10:     layout_long_grid, grunt_gozag_statues, lair_entry_dummy,
          trove_entry_hex_spiral
D:11:     layout_loops_corners, xom_teletrap_fun, uniq_maurice
D:12:     layout_stronghold, uniq_nergalle
D:13:     layout_irregular_city, david_vaults_1, gammafunk_ghost_mausoleum,
          minmay_misc_feat_cross
D:14:     layout_loops_ring, evilmike_ruin_ashenzari, serial_shops, shop_coins,
          enter_bailey_2, minmay_misc_feat_tiny
D:15:     gammafunk_depths_entry_grave, layout_loops_ring,
          nicolae_elyvilon_temple_path
Lair:1:   layout_chaotic_city, grunt_megastairs_1, lemuel_fruit_tree,
          uniq_fannar, uniq_urug
Lair:2:   layout_regular_city, nicolae_volcano_entry_vermiform
Lair:3:   layout_gridlike, guppyfry_snake_entry_island,
          gammafunk_ghost_abyssal_escape
Lair:4:   layout_cave_pods, elwin_shoals_entry_rocks, dpeg_oklob_1,
          lemuel_fruit_fields, uniq_nessos
Lair:5:   layout_regular_city, dpeg_slime_entry_corner,
          kennysheep_catoblepas_arena, infiniplex_staircase_pool
Lair:6:   evil_forest, layout_regular_city, grunt_megastairs_4
Shoals:1: layout_shoals, portal_ice_cave_entry_pillars_three
Shoals:2: layout_shoals
Shoals:3: layout_shoals
Shoals:4: shoals_end_grunt_ice, layout_shoals
Snake:1:  layout_layer_cave, serial_bayou_pond_e, uniq_frances, uniq_agnes
Snake:2:  layout_onion_interference
Snake:3:  layout_misc_corridors, serial_shops, shop, uniq_aizul, uniq_kirke
Snake:4:  snake_pit_salamanders_mu, layout_misc_corridors, serial_shops, shop,
          shop, shop, shop, ebering_ghost_disaster_area, serial_bayou_lagoon_a,
          st_stairs_11
Orc:1:    layout_caves, nicolae_orc_damp_corner, uniq_snorg
Orc:2:    st_orc_rangers, layout_caves, uniq_azrael
Vaults:1: hangedman_vaults_restitches, vaults_room_large_hall,
          dpeg_vaults_monster_row, nicolae_vaults_inception_scallops,
          vaults_room_pool, hangedman_vaults_snaps, vaults_room_semicircle,
          vaults_room_grunt_arrival_checkpoint, vaults_room_door_hall,
          nicolae_vaults_yaktaur_gun_rack, nicolae_vaults_little_squares_6,
          layout_vaults_ring, uniq_asterion
Vaults:2: v_rooms_2, minmay_crypt_entry_simple_statues,
          ontoclasm_vaults_ring_small, v_rooms_3, v_misc_23,
          ontoclasm_vaults_claustrophobia, hangedman_vaults_stream,
          nicolae_vaults_mini_display_case, v_misc_33,
          nicolae_vaults_little_squares_4, v_misc_4, nicolae_vaults_asterisk,
          nicolae_vaults_shelves_hall, layout_vaults_omnicross, serial_shops,
          shop_fountains, shop, shop, uniq_frederick, uniq_mennas, uniq_jory

Skill      XL: |  1  2  3  4  5  6  7  8  9 10 11 12 13 14 15 16 17 18 19 |
---------------+----------------------------------------------------------+-----
Axes           | 4 5 6 7 8 9 10 12 13 15 16 17 19 20 21 22 23 24 | 24.1
Fighting       | 4 5 6 8 9 10 11 12 13 14 15 16 17 18 | 18.0
Armour         | 3 4 6 7 9 10 11 12 13 14 15 16 17 | 17.7
Dodging        | 3 4 5 7 8 9 10 11 12 13 14 15 16 | 16.6
Evocations     | 2 4 5 6 7 8 9 10 | 10.0

Action                   |  1- 3 |  4- 6 |  7- 9 | 10-12 | 13-15 | 16-18 | 19-21 || total
-------------------------+-------+-------+-------+-------+-------+-------+-------++-------
Melee: Hand axe          |    60 |   128 |   375 |    22 |       |       |       ||   585
       Headbutt          |    11 |    20 |    80 |   107 |   234 |   315 |    73 ||   840
       War axe           |       |       |       |   128 |       |       |       ||   128
       Battleaxe         |       |       |       |   264 |   736 |       |       ||  1000
       Halberd           |       |       |       |    64 |    42 |       |       ||   106
       Executioner's axe |       |       |       |       |   141 |  1144 |   263 ||  1548
 Fire: Arbalest          |       |       |       |       |    23 |       |       ||    23
Throw: Javelin           |       |       |       |     4 |     2 |       |       ||     6
Invok: Berserk           |     1 |     3 |    10 |     9 |    15 |    15 |     4 ||    57
       Brothers in Arms  |       |       |       |     1 |     3 |     3 |       ||     7
       Trog's Hand       |       |       |       |       |     4 |     2 |       ||     6
Evoke: Wand              |       |       |       |       |    18 |    11 |       ||    29
  Use: Scroll            |       |     5 |    14 |     7 |    10 |     7 |     1 ||    44
       Potion            |       |       |     2 |       |     4 |       |       ||     6
 Stab: Distracted        |       |       |       |     1 |       |     1 |       ||     2
       Petrified         |       |       |       |       |     2 |       |       ||     2
Armor: Animal skin       |     5 |       |       |       |       |       |       ||     5
       Ring mail         |    13 |    29 |    26 |       |       |       |       ||    68
       Chain mail        |       |       |   167 |       |       |       |       ||   167
       Plate armour      |       |       |    41 |   265 |   622 |   742 |   198 ||  1868
Dodge: Dodged            |    37 |    65 |   166 |   176 |   625 |   876 |   168 ||  2113

Table legend: (Time is in decaauts)
 A = Elapsed time spent in this place.
 B = Non-inter-level travel time spent in this place.
 C = Inter-level travel time spent in this place.
 D = Time resting spent in this place.
 E = Time spent auto-exploring this place.
 F = Levels seen in this place.
 G = Mean time per level.
                   A        B        C        D        E       F      G
               +--------+--------+--------+--------+--------+-----+--------+
         Total |  47907 |  44864 |   3043 |  11506 |  22725 |  38 | 1260.7 |
       Dungeon |  17656 |  15549 |   2107 |   2287 |  10247 |  15 | 1177.1 |
          Lair |   9955 |   9405 |    550 |   2000 |   5749 |   6 | 1659.2 |
        Shoals |   5870 |   5762 |    108 |   1676 |   1911 |   4 | 1467.5 |
     Snake Pit |   7180 |   7000 |    180 |   2656 |   2221 |   4 | 1795.0 |
  Orcish Mines |   2560 |   2519 |     41 |   1155 |    997 |   2 | 1280.0 |
        Vaults |   2750 |   2694 |     56 |    684 |   1547 |   2 | 1375.0 |
         Abyss |     23 |     23 |      0 |      0 |      0 |   1 |   23.0 |
         Trove |     44 |     44 |      0 |      0 |      0 |   1 |   44.0 |
        Bailey |    414 |    414 |      0 |    204 |      0 |   1 |  414.0 |
      Ice Cave |    921 |    921 |      0 |    644 |      0 |   1 |  921.0 |
       Volcano |    529 |    529 |      0 |    196 |     52 |   1 |  529.0 |
               +--------+--------+--------+--------+--------+-----+--------+

Top non-repeatable levels by time:
 Snake:4: 3957 daAuts
Vaults:1: 2524 daAuts
  Lair:6: 2357 daAuts
  Lair:4: 2139 daAuts
   Orc:1: 1888 daAuts
Shoals:2: 1866 daAuts
Shoals:4: 1704 daAuts
  Lair:5: 1701 daAuts
     D:8: 1691 daAuts
     D:5: 1597 daAuts
 Snake:1: 1543 daAuts
     D:9: 1486 daAuts
Shoals:3: 1385 daAuts
     D:6: 1380 daAuts
  Lair:1: 1365 daAuts
